 Dungeon Crawl Stone Soup version 0.20.1-1-g8b1a95d (webtiles) character file.

98 slep the Sneak (level 4, -2/30 HPs)
             Began as an Octopode Assassin on Oct 30, 2017.
             Slain by Grinder (11 damage)
             ... on level 3 of the Dungeon.
             The game lasted 00:07:09 (1785 turns).

slep the Sneak (Octopode Assassin)                  Turns: 1785, Time: 00:07:10

Health: -2/30      AC:  1    Str: 10    XL:     4   Next: 71%
Magic:  4/4        EV: 13    Int: 13    God:
Gold:   141        SH:  4    Dex: 14    Spells: 3/3 levels left

rFire    . . .     SeeInvis .   g - +1 short sword (freeze)
rCold    . . .     Gourm    .   (no shield)
rNeg     . . .     Faith    .   (helmet restricted)
rPois    .         Spirit   .   j - +4 amulet of reflection
rElec    .         Reflect  +   i - ring of flight
rCorr    .         Harm     .   (no ring)
MR       .....                  (no ring)
Stlth    +++++.....             (no ring)
Regen    0.1/turn               (no ring)
MPRegen  0.1/turn               (no ring)
                                (no ring)
                                (no ring)

@: no status effects
A: almost no armour, stealthy swim, amphibious, 8 rings, constrict 8, camouflage
1, gelatinous body 1
a: Evoke Flight


You were on level 3 of the Dungeon.
You were hungry.

You visited 1 branch of the dungeon, and saw 3 of its levels.

You collected 141 gold pieces.

Inventory:

Hand Weapons
 a - a +2 dagger
 b - a +0 blowgun
 g - a +1 short sword of freezing (weapon)
 r - a +0 whip of venom
Missiles
 c - 8 poisoned needles
 d - 2 curare-tipped needles
 t - 11 tomahawks (quivered)
Jewellery
 i - a ring of flight (left tentacle)
 j - a +4 amulet of reflection (around mantle)
 n - an uncursed amulet of rage
Scrolls
 e - 6 scrolls of identify {unknown}
 h - 2 scrolls of teleportation {unknown}
 o - a scroll of enchant weapon {unknown}
 p - a scroll of immolation {unknown}
 s - a scroll of blinking {unknown}
 v - a scroll of noise {unknown}
Potions
 k - a potion of flight {unknown}
 m - 3 potions of degeneration {unknown}
 q - a potion of curing {unknown}
 w - a potion of invisibility {unknown}
 x - a potion of berserk rage {unknown}
Comestibles
 f - 4 bread rations
 u - a royal jelly


   Skills:
 + Level 2.4 Fighting
 + Level 2.6 Short Blades
 + Level 2.0 Throwing
 + Level 1.4 Dodging
 + Level 7.2 Stealth


You had 3 spell levels left.
You didn't know any spells.

Dungeon Overview and Level Annotations

Branches:
Dungeon (3/15)

Altars:
Kikubaaqudgha

Annotations:
D:3 Grinder


Innate Abilities, Weirdness & Mutations

You cannot wear most types of armour.
You are very stealthy in the water. (Stealth+)
You are amphibious.
You can wear up to eight rings at the same time.
You can use your tentacles to constrict eight enemies at once.
Your skin changes colour to match your surroundings (Stealth+).
Your rubbery body absorbs attacks. (AC +1, EV +1)


Message History

You are feeling hungry.
You see here a ring mail.
e - 6 scrolls labeled BEATOUNTEJ (gained 1)
You open the door.
Grinder comes into view.
There is an open door here.
The helpless Grinder fails to defend herself.
You impale Grinder!! You grab Grinder.
Grinder is heavily wounded.
You constrict Grinder, but do no damage.
Grinder hits you.
You writhe in agony.
You hit Grinder.
Grinder is heavily wounded.
You constrict Grinder, but do no damage.
Grinder hits you.
You writhe in agony.
* * * LOW HITPOINT WARNING * * *
You hit Grinder. You squeeze Grinder!
Grinder is severely wounded.
You constrict Grinder. Grinder hits you!
You die...

#.............[....
#.......###########
#.).....# #.....[.#
##'###### #.# #.#
#.# #@# #....5#
#######


You could see Grinder.

Vanquished Creatures
  4 gnolls (D:2)
  An adder (D:2)
  An ooze (D:1)
  A worm (D:2)
  A leopard gecko (D:1)
  An orc (D:3)
  4 giant cockroaches
  5 goblins
  4 hobgoblins
  3 jackals (D:1)
  4 kobolds
  A quokka (D:2)
  A ball python (D:1)
  A bat (D:1)
  2 frilled lizards
  7 rats
41 creatures vanquished.

Notes
Turn   | Place    | Note
-------+----------+-------------------------------------------
     0 | D:1      | slep the Octopode Assassin began the quest for the Orb.
     0 | D:1      | Reached XP level 1. HP: 14/14 MP: 1/1
   191 | D:1      | Reached XP level 2. HP: 14/19 MP: 2/2
   382 | D:1      | Reached skill level 6 in Stealth
   546 | D:1      | Reached XP level 3. HP: 24/24 MP: 3/3
   928 | D:2      | Reached XP level 4. HP: 15/29 MP: 4/4
   932 | D:2      | Reached skill level 7 in Stealth
  1004 | D:2      | Found an ancient bone altar of Kikubaaqudgha.
  1777 | D:3      | Noticed Grinder
  1785 | D:3      | Slain by Grinder

Skill      XL: |  1  2  3  4 |
---------------+-------------+-----
Stealth        | 6 7 |  7.2
Fighting       | |  2.4
Short Blades   | |  2.6
Throwing       | |  2.0
Dodging        | |  1.4

Action                   |  1- 3 |  4- 6 || total
-------------------------+-------+-------++-------
Melee: Short sword       |    45 |    31 ||    76
       Constrict         |     8 |     7 ||    15
       Tentacles         |     3 |     3 ||     6
       Dagger            |     1 |       ||     1
 Stab: Sleeping          |    14 |     8 ||    22
  Eat: Chunk             |       |     2 ||     2
Armor: Skin              |     1 |     1 ||     2
Dodge: Dodged            |    15 |    10 ||    25
Block: Other             |     4 |     1 ||     5
